[Event "Titled Tuesday Blitz October 31 Early 2023"]
[White "Fominykh, Maria"]
[Black "Pinero Rodriguez, Carlos Jose"]
[WhiteFideId "4142411"]
[BlackFideId "3901726"]
[WhiteElo "2294"]
[BlackElo "2489"]
[Result "0-1"]
[Round "11"]
[TimeControl "180+1"]
[Date "2023.10.31"]
[WhiteClock "0:00:00"]
[BlackClock "0:00:48"]
[Board "82"]

1. d4 Nf6 2. c4 e6 3. Nf3 Bb4+ 4. Nbd2 d5 5. e3 O-O 6. a3 Be7 7. Bd3 b6 8. cxd5 exd5 9. Qc2 Bb7 10. O-O Nbd7 11. Ne5 c5 12. Nxd7 Qxd7 13. dxc5 bxc5 14. b3 Rad8 15. Bb2 c4 16. Bf5 cxb3 17. Nxb3 Qa4 18. Bxf6 Bxf6 19. Bxh7+ Kh8 20. Rab1 g6 21. Bxg6 fxg6 22. Qxg6 Qe4 23. Qh6+ Qh7 24. Qxh7+ Kxh7 25. Nc5 Bc8 26. Rfd1 Kg6 27. f3 Rfe8 28. Kf2 Bg5 29. f4 Bh4+ 30. g3 Bf6 31. Kf3 Kh5 32. h3 Kg6 33. g4 Rh8 34. Rh1 Rde8 35. Rbc1 Bb2 36. Rcd1 Rd8 37. Rd3 d4 38. e4 Bc3 39. f5+ Kg5 0-1


[Site "https://www.chess.com"]

[Event "Titled Tuesday Blitz October 31 Early 2023"]
[White "Novikova, Galina"]
[Black "Burke, Carol Ann"]
[WhiteFideId "4157095"]
[BlackFideId "11104643"]
[WhiteElo "2403"]
[BlackElo "2714"]
[Result "0-1"]
[Round "11"]
[TimeControl "180+1"]
[Date "2023.10.31"]
[WhiteClock "0:00:00"]
[BlackClock "0:00:13"]
[Board "84"]

1. e4 c5 2. Nf3 e6 3. b4 cxb4 4. a3 Nf6 5. e5 Nd5 6. axb4 Bxb4 7. c3 Be7 8. d4 d6 9. Bd3 Nd7 10. O-O dxe5 11. dxe5 Nc5 12. Bc2 Bd7 13. Nd4 O-O 14. Qh5 g6 15. Qh6 f5 16. exf6 Bxf6 17. Nf3 Qe7 18. Ba3 b6 19. Re1 Qg7 20. Qd2 Rfc8 21. c4 Bxa1 22. cxd5 exd5 23. Qxd5+ Qf7 24. Qd6 Rc6 25. Qg3 Rf8 26. h4 Qf4 27. Rd1 Qxg3 28. fxg3 Bf5 29. Bxf5 Rxf5 30. Nbd2 Bg7 31. Nc4 Rf8 32. Nce5 Bxe5 33. Nxe5 Rc7 34. Ng4 h5 35. Nh2 Re8 36. Nf3 Ne4 37. Kh2 Nf2 38. Rd6 Kf7 39. Ng5+ Kg7 40. Bb2+ Kh6 41. Kg1 Ng4 42. Kf1 Rf8+ 43. Ke1 Re7+ 44. Kd1 Rf1+ 45. Kc2 Rf2+ 46. Kb3 Re3+ 47. Ka2 Ree2 48. Rd7 Rxb2+ 49. Ka3 Nf6 50. Rd8 Ra2+ 51. Kb3 Ra5 52. Rh8+ Kg7 53. Rb8 Rxg5 54. hxg5 Ne4 55. Rb7+ Rf7 56. Rxa7 Rxa7 57. Kc4 Nxg5 58. Kb5 Rf7 59. Kxb6 Rf2 0-1


[Site "https://www.chess.com"]

[Event "Titled Tuesday Blitz October 31 Early 2023"]
[White "Nanu, Costica-Ciprian"]
[Black "Begunov, Konstantin"]
[WhiteFideId "1204580"]
[BlackFideId "4118510"]
[WhiteElo "2586"]
[BlackElo "2397"]
[Result "1-0"]
[Round "11"]
[TimeControl "180+1"]
[Date "2023.10.31"]
[WhiteClock "0:00:44"]
[BlackClock "0:00:00"]
[Board "85"]

1. a3 d5 2. e3 Nf6 3. Nf3 Bg4 4. c4 c6 5. Nc3 e6 6. cxd5 exd5 7. Qb3 Qc7 8. d4 Bxf3 9. gxf3 Bd6 10. f4 Nbd7 11. Bd2 O-O 12. Bd3 Rfe8 13. Kf1 b5 14. Rc1 Qb7 15. Rg1 Nb6 16. Ne2 Qd7 17. Ng3 Nc4 18. Bb4 Qh3+ 19. Rg2 Bxb4 20. Qxb4 Ng4 21. Kg1 Ncxe3 22. fxe3 Nxe3 23. Re2 Ng4 24. Qe1 Re3 25. Rxe3 Qxh2+ 26. Kf1 Qh3+ 27. Ke2 Nxe3 28. Kd2 Re8 29. Kc3 h5 30. Nf5 1-0


[Site "https://www.chess.com"]

[Event "Titled Tuesday Blitz October 31 Early 2023"]
[White "Karamsetty, Jeevan"]
[Black "Sargissyan, Sargis"]
[WhiteFideId "2025337"]
[BlackFideId "13303210"]
[WhiteElo "2584"]
[BlackElo "2393"]
[Result "0-1"]
[Round "11"]
[TimeControl "180+1"]
[Date "2023.10.31"]
[WhiteClock "0:00:49"]
[BlackClock "0:00:48"]
[Board "86"]

1. e4 c5 2. Nf3 d6 3. d4 cxd4 4. Nxd4 Nf6 5. Nc3 a6 6. f3 e5 7. Nb3 Be6 8. Be3 Be7 9. Qd2 O-O 10. g4 d5 11. g5 d4 12. gxf6 Bxf6 13. Nc5 dxe3 14. Qxe3 Bh4+ 15. Ke2 Nc6 16. Nxe6 fxe6 17. Bg2 Nd4+ 18. Kf1 Nxc2 19. Qc1 Qd3+ 20. Kg1 Nxa1 21. h3 Bg3 22. Nd1 Qd4+ 23. Kf1 Rad8 24. Ne3 Nc2 25. Qxc2 Qxe3 26. f4 Rd1+ 0-1


[Site "https://www.chess.com"]

[Event "Titled Tuesday Blitz October 31 Early 2023"]
[White "Spichkin, Alexander"]
[Black "Kim, Sergey"]
[WhiteFideId "4144074"]
[BlackFideId "13700570"]
[WhiteElo "2389"]
[BlackElo "2571"]
[Result "1-0"]
[Round "11"]
[TimeControl "180+1"]
[Date "2023.10.31"]
[WhiteClock "0:01:14"]
[BlackClock "0:01:21"]
[Board "87"]

1. f4 g6 2. Nf3 Bg7 3. d3 d6 4. e4 Nf6 5. Be2 O-O 6. O-O c5 7. Nc3 Nc6 8. Qe1 Rb8 9. a4 a6 10. Qh4 b5 11. axb5 axb5 12. f5 Nd4 13. Bd1 b4 14. Ne2 e5 15. Bg5 gxf5 16. Nfxd4 cxd4 17. Ng3 d5 18. Nh5 Rb6 19. exf5 e4 20. Be2 Kh8 21. Nxg7 Kxg7 22. Bh6+ Kh8 23. Bxf8 Qxf8 24. Ra8 Rc6 25. dxe4 dxe4 26. Bb5 Qc5 27. Bxc6 Qxc6 28. Rxc8+ 1-0


[Site "https://www.chess.com"]

[Event "Titled Tuesday Blitz October 31 Early 2023"]
[White "Omariev, Maksim"]
[Black "EvgenyBurmakin"]
[WhiteFideId "4193423"]
[WhiteElo "2507"]
[BlackElo "2373"]
[Result "0-1"]
[Round "11"]
[TimeControl "180+1"]
[Date "2023.10.31"]
[WhiteClock "0:00:00"]
[BlackClock "0:00:13"]
[Board "88"]

1. e4 c5 2. Nf3 d6 3. d4 cxd4 4. Nxd4 Nf6 5. Nc3 a6 6. h3 e5 7. Nde2 Be6 8. g4 Be7 9. Bg2 Nc6 10. Be3 O-O 11. Qd2 b5 12. Ng3 b4 13. Nd5 a5 14. O-O-O Rc8 15. Nxf6+ Bxf6 16. Qxd6 Qxd6 17. Rxd6 Nd4 18. Bxd4 exd4 19. Kb1 a4 20. f4 b3 21. cxb3 axb3 22. axb3 Bxb3 23. Ra6 Rc2 24. Bf3 Rf2 25. Rf1 Rxf1+ 26. Nxf1 Bc4 27. Rxf6 gxf6 28. Nd2 Bd3+ 29. Kc1 Rc8+ 30. Kd1 Rb8 31. b3 Ra8 32. Kc1 Rc8+ 33. Kd1 Rc3 34. Be2 Bxe2+ 35. Kxe2 Rxh3 36. b4 Re3+ 37. Kf2 Rd3 38. Ke2 Rc3 39. f5 Kf8 40. b5 Ke7 0-1


[Site "https://www.chess.com"]

[Event "Titled Tuesday Blitz October 31 Early 2023"]
[White "Czerw, Dawid"]
[Black "Dmitrenko, Viktor"]
[WhiteFideId "1145746"]
[BlackFideId "14110270"]
[WhiteElo "2488"]
[BlackElo "2364"]
[Result "1-0"]
[Round "11"]
[TimeControl "180+1"]
[Date "2023.10.31"]
[WhiteClock "0:01:08"]
[BlackClock "0:00:10"]
[Board "89"]

1. e4 c5 2. Nf3 Nc6 3. d4 cxd4 4. Nxd4 Nf6 5. Nc3 e5 6. Ndb5 d6 7. Nd5 Nxd5 8. exd5 Nb8 9. Qf3 Be7 10. Qc3 Na6 11. Be3 Bd7 12. Nxa7 O-O 13. Bxa6 bxa6 14. Nc6 Bxc6 15. dxc6 f5 16. f4 exf4 17. Bd4 Bf6 18. O-O-O Rc8 19. g3 Bxd4 20. Rxd4 f3 21. Qxf3 Qf6 22. Qd5+ Kh8 23. Rhd1 Rfd8 24. Rf4 g6 25. g4 Qe5 26. Qxe5+ dxe5 27. Rxd8+ Rxd8 28. c7 Rc8 29. Rc4 Kg7 30. b4 Kf7 31. a4 fxg4 32. b5 axb5 33. axb5 Ke7 34. b6 Kd7 35. b7 Rxc7 36. b8=Q Rxc4 37. Qxe5 Rc6 38. Qg7+ Kd6 39. Qxh7 Ke5 40. Qe7+ Re6 41. Qg5+ Kd6 42. Qxg4 Rf6 43. Kb2 Ke7 44. c4 Re6 45. Kc3 Re3+ 46. Kb4 Re6 47. c5 Kf6 48. Kb5 g5 49. c6 Ke7 50. Qxe6+ Kxe6 51. Kb6 Kf5 52. c7 Kg4 53. c8=Q+ Kf3 54. Qh3+ Kf4 55. Qg3+ Kf5 56. h3 g4 57. Qxg4+ 1-0


[Site "https://www.chess.com"]

[Event "Titled Tuesday Blitz October 31 Early 2023"]
[White "secrethawk1"]
[Black "Willy, Stephen"]
[BlackFideId "30981468"]
[WhiteElo "2364"]
[BlackElo "2481"]
[Result "0-1"]
[Round "11"]
[TimeControl "180+1"]
[Date "2023.10.31"]
[WhiteClock "0:00:06"]
[BlackClock "0:00:13"]
[Board "90"]

1. d4 d6 2. Nf3 Nc6 3. e4 Bg4 4. Bb5 a6 5. Bc4 e5 6. h3 Bh5 7. dxe5 Nxe5 8. Be2 Bg6 9. Nc3 Nf6 10. O-O Nxe4 11. Nxe4 Bxe4 12. Re1 Be7 13. Bf4 Ng6 14. Bg3 O-O 15. Bc4 d5 16. Bb3 c6 17. c4 Bb4 18. Re3 f5 19. cxd5 cxd5 20. Nd4 Qf6 21. Bh2 Bc5 22. Nc2 Kh8 23. Rc3 Rac8 24. Rc1 f4 25. Nd4 b6 26. Nf3 Rcd8 27. Bc2 Nh4 28. Nxh4 Qxh4 29. Qf1 Rf6 30. Rd1 Re8 31. Bd3 Rg6 32. Bxe4 dxe4 33. Kh1 e3 34. fxe3 fxe3 35. Re1 Rf6 36. Qg1 e2 37. Rxc5 bxc5 38. g3 Qe4+ 39. Qg2 Rf1+ 40. Rxf1 exf1=Q+ 41. Bg1 Qexg2# 0-1


[Site "https://www.chess.com"]

[Event "Titled Tuesday Blitz October 31 Early 2023"]
[White "Pavlidou, Ekaterini"]
[Black "Bilan, Danila"]
[WhiteFideId "4213262"]
[BlackFideId "24161918"]
[WhiteElo "2326"]
[BlackElo "2476"]
[Result "0-1"]
[Round "11"]
[TimeControl "180+1"]
[Date "2023.10.31"]
[WhiteClock "0:01:28"]
[BlackClock "0:01:07"]
[Board "91"]

1. d4 d5 2. c4 c6 3. cxd5 cxd5 4. Bf4 Nc6 5. e3 Nf6 6. Nc3 a6 7. Bd3 Bg4 8. f3 Bd7 9. a3 e6 10. Bg5 Be7 11. Bxf6 Bxf6 12. f4 g5 13. g3 gxf4 14. gxf4 Bh4+ 15. Kd2 Na5 16. b4 Nc4+ 17. Bxc4 dxc4 18. Nf3 Bc6 19. e4 Qf6 20. Ke3 O-O-O 21. a4 e5 22. dxe5 Rxd1 23. Rhxd1 Qe7 24. b5 Qc5+ 25. Ke2 Qf2# 0-1


[Site "https://www.chess.com"]

[Event "Titled Tuesday Blitz October 31 Early 2023"]
[White "Aash20"]
[Black "Antonio, Jorge Carlos"]
[BlackFideId "113190"]
[WhiteElo "2464"]
[BlackElo "2323"]
[Result "1-0"]
[Round "11"]
[TimeControl "180+1"]
[Date "2023.10.31"]
[WhiteClock "0:02:18"]
[BlackClock "0:01:04"]
[Board "92"]

1. e4 c5 2. Nf3 d6 3. d4 cxd4 4. Qxd4 Nc6 5. Bb5 Bd7 6. Bxc6 Bxc6 7. Nc3 Qb6 8. Qxb6 axb6 9. Nd4 b5 10. Ndxb5 Rc8 11. Nd4 g6 12. Be3 Bg7 13. O-O Nf6 14. Nxc6 bxc6 15. f3 Nd7 16. Bd2 Rb8 17. b3 O-O 18. Rad1 Ra8 19. a4 c5 20. Nd5 Rfe8 21. Nc7 Bd4+ 22. Kh1 Nb6 23. Nxe8 Rxe8 24. Rfe1 Be5 25. f4 Bg7 26. e5 d5 27. Ba5 1-0


[Site "https://www.chess.com"]

[Event "Titled Tuesday Blitz October 31 Early 2023"]
[White "Viskelis, Darius"]
[Black "Pinto, Daniel"]
[WhiteFideId "12800830"]
[BlackFideId "3303144"]
[WhiteElo "2320"]
[BlackElo "2438"]
[Result "1-0"]
[Round "11"]
[TimeControl "180+1"]
[Date "2023.10.31"]
[WhiteClock "0:01:36"]
[BlackClock "0:01:19"]
[Board "93"]

1. e4 c5 2. Nf3 Nc6 3. Bb5 g6 4. O-O Bg7 5. Re1 Nf6 6. h3 O-O 7. c3 d5 8. e5 Nd7 9. d4 a6 10. Bxc6 bxc6 11. Bf4 cxd4 12. cxd4 c5 13. Nc3 Bb7 14. Qd2 Rc8 15. Bh6 Re8 16. Bxg7 Kxg7 17. e6 fxe6 18. Ng5 Nf8 19. Qf4 e5 20. Rxe5 e6 21. Qf7+ Kh8 22. Qxb7 cxd4 23. Nf7+ 1-0


[Site "https://www.chess.com"]

[Event "Titled Tuesday Blitz October 31 Early 2023"]
[White "Herman, Daniel"]
[Black "Malikova777"]
[WhiteFideId "30935008"]
[WhiteElo "2431"]
[BlackElo "2309"]
[Result "1-0"]
[Round "11"]
[TimeControl "180+1"]
[Date "2023.10.31"]
[WhiteClock "0:00:46"]
[BlackClock "0:00:45"]
[Board "94"]

1. c4 Nf6 2. Nc3 e6 3. e4 d5 4. e5 Nfd7 5. d4 dxc4 6. Bxc4 c5 7. Nf3 Nc6 8. Bf4 cxd4 9. Ne4 Bb4+ 10. Kf1 O-O 11. h4 a6 12. h5 b5 13. Bd3 Bb7 14. h6 g6 15. Rc1 Be7 16. Nd6 Bxd6 17. exd6 e5 18. Be4 exf4 19. Bxc6 Bxc6 20. Rxc6 Nb8 21. Qxd4 f6 22. Qd5+ Kh8 23. Rc7 Nd7 24. Nd4 Ne5 25. Ne6 Qe8 26. Nxf8 Qxf8 27. Qb7 Qg8 28. Rxh7+ Qxh7 29. Qxa8+ Qg8 30. Qxg8+ Kxg8 31. h7+ Kh8 32. Rh6 Nf7 33. d7 1-0


[Site "https://www.chess.com"]

[Event "Titled Tuesday Blitz October 31 Early 2023"]
[White "Rosh Jain"]
[Black "Schut, Han"]
[WhiteFideId "25789465"]
[BlackFideId "1005561"]
[WhiteElo "2422"]
[BlackElo "2294"]
[Result "1-0"]
[Round "11"]
[TimeControl "180+1"]
[Date "2023.10.31"]
[WhiteClock "0:01:16"]
[BlackClock "0:00:26"]
[Board "95"]

1. e4 c5 2. Nf3 d6 3. d4 cxd4 4. Nxd4 Nf6 5. Nc3 a6 6. Bg5 e6 7. Qf3 Be7 8. g4 Nbd7 9. Bd2 Ne5 10. Qg2 Nexg4 11. O-O-O Qb6 12. h3 e5 13. hxg4 exd4 14. Nd5 Nxd5 15. exd5 Bd7 16. Qe4 Kf8 17. Rxh7 Rg8 18. Bd3 Re8 19. Qf3 Bb5 20. Bg6 Bf6 21. Qxf6 gxf6 22. Rxf7# 1-0


[Site "https://www.chess.com"]

[Event "Titled Tuesday Blitz October 31 Early 2023"]
[White "Shapiro, Daniel"]
[Black "Polaczek, Richard"]
[WhiteFideId "2001780"]
[BlackFideId "200026"]
[WhiteElo "2317"]
[BlackElo "2418"]
[Result "0-1"]
[Round "11"]
[TimeControl "180+1"]
[Date "2023.10.31"]
[WhiteClock "0:00:00"]
[BlackClock "0:00:06"]
[Board "96"]

1. d4 Nf6 2. c4 e6 3. g3 d5 4. Nf3 dxc4 5. Bg2 Bd7 6. Ne5 Bc6 7. Nxc6 Nxc6 8. e3 Qd7 9. O-O Rb8 10. Qe2 b5 11. a4 a6 12. axb5 axb5 13. Rd1 Be7 14. b3 cxb3 15. Bb2 O-O 16. e4 Rfe8 17. Qd3 Nb4 18. Qxb3 Red8 19. Bc3 c5 20. Na3 c4 21. Qb1 Nd3 22. Ba5 Rdc8 23. Rxd3 cxd3 24. Qxd3 b4 25. Nc4 Qb5 26. Bf1 Ra8 27. Nb6 Qxd3 28. Bxd3 Rcb8 29. Nxa8 Rxa8 30. Bb5 h5 31. Bc6 Ra6 32. d5 exd5 33. exd5 Bd6 34. Bb5 Ra8 35. Bc4 Ne4 36. Ra2 Bc5 37. Bc7 Rxa2 38. Bxa2 Bxf2+ 39. Kg2 Bc5 40. Kf3 Nd6 41. Ke2 Kf8 42. Kd3 Ke7 43. Ba5 Kf6 44. Bb1 Ke5 45. Ba2 f5 46. Bd8 Bg1 47. Bg5 Nf7 48. Bf4+ Kf6 49. d6 Bb6 50. Kc4 g5 51. Bd2 Nxd6+ 52. Kxb4 Ne4 53. Bc1 Bg1 54. Bb2+ Kg6 55. h4 Nxg3 56. hxg5 Kxg5 57. Be5 f4 58. Kc3 h4 59. Kd3 h3 60. Bc7 h2 61. Bd5 h1=Q 62. Bxh1 Nxh1 63. Ke4 Be3 64. Kf3 Ng3 65. Bxf4+ Bxf4 0-1


[Site "https://www.chess.com"]

[Event "Titled Tuesday Blitz October 31 Early 2023"]
[White "Kuchava, Ana"]
[Black "Todorovic, Bojan"]
[WhiteFideId "13605348"]
[BlackFideId "917087"]
[WhiteElo "2259"]
[BlackElo "2417"]
[Result "1/2-1/2"]
[Round "11"]
[TimeControl "180+1"]
[Date "2023.10.31"]
[WhiteClock "0:00:04"]
[BlackClock "0:00:03"]
[Board "97"]

1. d4 Nf6 2. Nf3 g6 3. c4 Bg7 4. Nc3 O-O 5. e4 d6 6. Be2 e5 7. O-O Na6 8. Re1 c6 9. Bf1 exd4 10. Nxd4 Nc5 11. f3 a5 12. Be3 Nh5 13. Qd2 Be5 14. f4 Bg7 15. Nb3 Bxc3 16. Qxc3 Nxe4 17. Qd4 f5 18. Rad1 a4 19. Nd2 Nhf6 20. Nxe4 Nxe4 21. Bd3 Nc5 22. Bc2 a3 23. b4 Na6 24. Bd2 Qf6 25. Qxf6 Rxf6 26. Bc3 Re6 27. Bb3 c5 28. b5 Nc7 29. Rxe6 Bxe6 30. Rxd6 Kf7 31. Be5 Nxb5 32. cxb5 Bxb3 33. axb3 a2 34. Rd7+ Ke6 35. Rd6+ Ke7 36. Rb6 a1=Q+ 37. Bxa1 Rxa1+ 38. Kf2 Ra7 39. Ke3 Kd7 40. Kd3 Kc7 41. Rf6 Ra2 42. Kc4 Rc2+ 43. Kd3 Rxg2 44. Kc4 Rc2+ 45. Kd5 Rc3 46. b6+ Kd7 47. Rf7+ Kc8 48. Kd6 Rd3+ 49. Kxc5 Rxb3 50. Rc7+ Kb8 51. Rxh7 Kc8 52. Rh8+ Kd7 53. Rh7+ Kc8 54. Rh8+ Kd7 55. Rh7+ Kc8 1/2-1/2


[Site "https://www.chess.com"]

[Event "Titled Tuesday Blitz October 31 Early 2023"]
[White "Tsyhanchuk, Stanislav"]
[Black "MIM06"]
[WhiteFideId "13505130"]
[WhiteElo "2406"]
[BlackElo "2209"]
[Result "1-0"]
[Round "11"]
[TimeControl "180+1"]
[Date "2023.10.31"]
[WhiteClock "0:00:15"]
[BlackClock "0:00:43"]
[Board "98"]

1. e4 c6 2. d4 d5 3. e5 Bf5 4. h4 h5 5. c4 e6 6. Nc3 Bb4 7. a3 Bxc3+ 8. bxc3 Ne7 9. Qb3 Qc7 10. Bg5 a5 11. c5 Nd7 12. Ne2 b6 13. cxb6 Qxb6 14. Qxb6 Nxb6 15. Nf4 Kd7 16. Bd3 g6 17. Bxe7 Bxd3 18. Bc5 Na4 19. Nxd3 Rab8 20. Kd2 Rb3 21. Rab1 Rhb8 22. Rxb3 Rxb3 23. Rc1 Nb2 24. Nxb2 Rxb2+ 25. Rc2 Rb1 26. g3 Kc7 27. Ke3 Kd7 28. Kf4 Ke8 29. Kg5 Kd7 30. f3 Ke8 31. g4 hxg4 32. fxg4 Kd7 33. h5 gxh5 34. gxh5 Rg1+ 35. Kf6 Ke8 36. Rb2 Rf1+ 37. Kg7 Rg1+ 38. Kh7 Rg5 39. Rb8+ Kd7 40. h6 f6 41. exf6 e5 42. f7 1-0


[Site "https://www.chess.com"]

[Event "Titled Tuesday Blitz October 31 Early 2023"]
[White "Samarth J Rao"]
[Black "La Villa Rivas, Marlon Javier"]
[WhiteFideId "46652370"]
[BlackFideId "3519546"]
[WhiteElo "2134"]
[BlackElo "2403"]
[Result "0-1"]
[Round "11"]
[TimeControl "180+1"]
[Date "2023.10.31"]
[WhiteClock "0:00:00"]
[BlackClock "0:02:00"]
[Board "99"]

1. Nf3 Nf6 2. c4 g6 3. b3 Bg7 4. Bb2 O-O 5. e3 d6 6. Be2 c5 7. O-O Nc6 8. d4 cxd4 9. Nxd4 Bd7 10. Nd2 a6 11. Nxc6 Bxc6 12. Bf3 Rc8 13. Rc1 Nd7 14. Bxg7 Kxg7 15. Bxc6 Rxc6 16. Ne4 Ne5 17. Qd4 Kg8 18. c5 Qc8 19. f4 Nd7 20. f5 Nxc5 21. fxg6 hxg6 22. Ng5 Ne6 23. Nxe6 Qxe6 24. Rxc6 bxc6 25. Qb6 c5 26. Qxa6 Qxe3+ 27. Kh1 d5 28. Qb5 d4 29. a4 d3 30. Qc4 d2 31. Qc2 Qe2 32. Rd1 Qe1+ 0-1


[Site "https://www.chess.com"]

[Event "Titled Tuesday Blitz October 31 Early 2023"]
[White "Mirzanurov, Bulat"]
[Black "vishwa_vijeta"]
[WhiteFideId "4184521"]
[WhiteElo "2227"]
[BlackElo "2474"]
[Result "1-0"]
[Round "11"]
[TimeControl "180+1"]
[Date "2023.10.31"]
[WhiteClock "0:00:04"]
[BlackClock "0:00:00"]
[Board "100"]

1. e4 c5 2. Nf3 d6 3. d4 cxd4 4. Nxd4 Nf6 5. f3 e5 6. Nb3 Be6 7. Bg5 d5 8. Bxf6 gxf6 9. exd5 Qxd5 10. Qxd5 Bxd5 11. Nc3 Bc6 12. O-O-O Nd7 13. Nd5 Bh6+ 14. Kb1 Bxd5 15. Rxd5 Ke7 16. Rd1 a5 17. a4 Rhc8 18. Bb5 Nc5 19. Nxc5 Rxc5 20. Rd7+ Kf8 21. Rxb7 Rd8 22. Rd7 Rxd7 23. Bxd7 Rd5 24. Bf5 Rd4 25. b3 Rd2 26. g4 Kg7 27. h4 Be3 28. h5 h6 29. Be4 Bd4 30. Kc1 Rf2 31. Rd1 Bc3 32. Kb1 Re2 33. Bf5 Bd4 34. Bd3 Rf2 35. Rf1 Rd2 36. Kc1 Be3 37. Kb1 Bd4 38. Kc1 Rh2 39. Kb1 Kf8 40. Ka2 Ke7 41. f4 exf4 42. Rxf4 Be5 43. Rc4 Rh1 44. c3 Rh2+ 45. Kb1 Rh3 46. Bc2 Bxc3 47. Re4+ Kd6 48. Rc4 Rh1+ 49. Bd1 Be5 50. Kc2 Rh2+ 51. Kc1 Kd5 52. Bf3+ Kd6 53. Rc6+ Kd7 54. Rc4 Rh3 55. Bd1 Rg3 56. Re4 Ke6 57. Rc4 f5 58. gxf5+ Kxf5 59. Rc5 Kf6 60. Rxa5 Rc3+ 61. Kb1 Rd3 62. Kc1 Bf4+ 63. Kc2 Rd2+ 64. Kc3 Rxd1 65. Ra6+ Kf5 66. a5 Ra1 67. b4 Kg4 68. b5 f5 69. b6 Be5+ 70. Kc4 f4 71. b7 f3 72. Rg6+ Kxh5 73. Re6 Bf4 74. Rf6 Bg5 75. Rf5 Rb1 76. a6 f2 77. Rxf2 Kg4 78. a7 Be3 79. a8=Q Bxf2 80. b8=Q Rxb8 81. Qxb8 Kf3 82. Qf8+ Kg2 83. Qxh6 Bg3 84. Kd4 1-0


[Site "https://www.chess.com"]

[Event "Titled Tuesday Blitz October 31 Early 2023"]
[White "alfianasybullina"]
[Black "Bashirli, Saadat"]
[BlackFideId "13429990"]
[WhiteElo "2298"]
[BlackElo "2399"]
[Result "0-1"]
[Round "11"]
[TimeControl "180+1"]
[Date "2023.10.31"]
[WhiteClock "0:00:13"]
[BlackClock "0:00:37"]
[Board "101"]

1. d4 Nf6 2. Nf3 d5 3. c3 Bf5 4. Qb3 Qc8 5. Bg5 c6 6. Bxf6 exf6 7. e3 Bd6 8. Be2 O-O 9. O-O Nd7 10. Nbd2 Qc7 11. a4 a5 12. c4 Be4 13. Rac1 Qb8 14. Rfd1 Re8 15. Nxe4 dxe4 16. Nd2 Bxh2+ 17. Kf1 f5 18. Rc3 Qd6 19. Ke1 Qg6 20. Nf1 Qxg2 21. Nxh2 Qxh2 22. Qxb7 Nf6 23. Qxc6 Qg1+ 24. Kd2 Qxf2 25. Rf1 Qg2 26. Rxf5 Rab8 27. Rb5 Rbc8 28. Qa6 Ng4 29. Rf5 Nh2 30. Qb5 Nf3+ 31. Kd1 Qg1+ 32. Kc2 Qf2 33. Kd1 Qe1+ 34. Kc2 Qxe2+ 35. Kb1 Nd2+ 36. Ka2 Qd1 37. Qxa5 Qb1+ 38. Ka3 Qa1+ 39. Kb4 Qxb2+ 40. Rb3 Qxb3# 0-1


[Site "https://www.chess.com"]

[Event "Titled Tuesday Blitz October 31 Early 2023"]
[White "Vifleemskaia, Svetlana"]
[Black "UK_23"]
[WhiteFideId "4129490"]
[WhiteElo "2262"]
[BlackElo "2386"]
[Result "1-0"]
[Round "11"]
[TimeControl "180+1"]
[Date "2023.10.31"]
[WhiteClock "0:00:06"]
[BlackClock "0:00:30"]
[Board "102"]

1. d4 d5 2. c4 e6 3. Nc3 Nf6 4. cxd5 exd5 5. Bg5 Be7 6. e3 O-O 7. Bd3 Re8 8. Qc2 h6 9. Bh4 c5 10. Nge2 Nc6 11. a3 c4 12. Bf5 Bxf5 13. Qxf5 b5 14. Bxf6 Bxf6 15. Qxd5 Qxd5 16. Nxd5 Bd8 17. O-O a5 18. Rfc1 a4 19. h3 Na5 20. Rd1 Nb3 21. Rab1 Rb8 22. Nec3 Ba5 23. g4 Kf8 24. Kg2 g6 25. h4 Kg7 26. g5 hxg5 27. hxg5 Rh8 28. Rh1 Nd2 29. Rxh8 Rxh8 30. Rh1 Re8 31. Rd1 Ne4 32. Nxe4 Rxe4 33. Kf3 Rh4 34. Nc3 Bxc3 35. bxc3 Rh5 36. Kg4 Rh2 37. Rd2 f5+ 38. gxf6+ Kxf6 39. Rb2 Rh5 40. e4 Ke6 41. f4 Kd6 42. f5 Rh1 43. fxg6 Kc6 44. Kf5 Rf1+ 45. Ke6 Rg1 46. Kf7 Rf1+ 47. Kg8 Rg1 48. g7 Kb6 49. e5 Kc6 50. e6 Kd6 51. Rxb5 Kxe6 52. Rc5 Ra1 53. Rxc4 Rg1 54. Rxa4 Kf6 55. Ra6+ Kf5 56. Kf7 1-0


[Site "https://www.chess.com"]

[Event "Titled Tuesday Blitz October 31 Early 2023"]
[White "Buscar, Michael"]
[Black "Witty_Alien"]
[WhiteFideId "2603616"]
[WhiteElo "2321"]
[BlackElo "2251"]
[Result "1-0"]
[Round "11"]
[TimeControl "180+1"]
[Date "2023.10.31"]
[WhiteClock "0:00:22"]
[BlackClock "0:00:02"]
[Board "103"]

1. e4 c5 2. Nf3 d6 3. Bb5+ Bd7 4. a4 g5 5. Nxg5 Nf6 6. Ra3 Rg8 7. Rg3 h6 8. Nh7 Rg6 9. Nxf8 Kxf8 10. Bxd7 Qxd7 11. d3 Qxa4 12. Rxg6 fxg6 13. Bxh6+ Kf7 14. O-O Nc6 15. Nc3 Qd4 16. Be3 Qe5 17. f4 Qe6 18. Qf3 Rh8 19. h3 Ke8 20. Nd5 Kd7 21. c4 Kc8 22. Qg3 Kb8 23. Qxg6 Rg8 24. f5 Qe5 25. Qf7 Qxb2 26. Rf2 Qb1+ 27. Kh2 Rc8 28. Nxf6 exf6 29. Qxf6 Ne5 30. Qxd6+ Ka8 31. Qxe5 Rg8 32. Qxc5 Qa1 33. f6 a5 34. f7 Rb8 35. Qa7# 1-0


[Site "https://www.chess.com"]

[Event "Titled Tuesday Blitz October 31 Early 2023"]
[White "Zaksaite, Salomeja"]
[Black "Tarnowska, Aleksandra"]
[WhiteFideId "12801496"]
[BlackFideId "1180967"]
[WhiteElo "2321"]
[BlackElo "2164"]
[Result "1-0"]
[Round "11"]
[TimeControl "180+1"]
[Date "2023.10.31"]
[WhiteClock "0:01:49"]
[BlackClock "0:00:10"]
[Board "104"]

1. d4 d5 2. Nc3 Nf6 3. Bf4 e6 4. e3 Be7 5. Nf3 O-O 6. Ne5 Nbd7 7. Bd3 Nxe5 8. dxe5 Nd7 9. h4 Re8 10. h5 Bg5 11. Qg4 Bxf4 12. exf4 Nf8 13. O-O-O h6 14. Qf3 c5 15. g4 c4 16. Bxc4 Qa5 17. Bb3 Bd7 18. g5 hxg5 19. fxg5 d4 20. h6 Nh7 21. hxg7 Kxg7 22. Rxh7+ Kxh7 23. Qxf7+ Kh8 24. Rh1# 1-0


[Site "https://www.chess.com"]

[Event "Titled Tuesday Blitz October 31 Early 2023"]
[White "Semenova, Alina"]
[Black "Babarsik1977"]
[WhiteFideId "24113875"]
[WhiteElo "2166"]
[BlackElo "2314"]
[Result "1-0"]
[Round "11"]
[TimeControl "180+1"]
[Date "2023.10.31"]
[WhiteClock "0:01:36"]
[BlackClock "0:00:00"]
[Board "105"]

1. e4 e6 2. d4 d5 3. exd5 exd5 4. Nf3 Bd6 5. Bd3 Ne7 6. O-O O-O 7. Re1 Bf5 8. c3 Nbc6 9. Bxf5 Nxf5 10. Qd3 Qf6 11. Nbd2 Rae8 12. Rxe8 Rxe8 13. Nf1 h6 14. Bd2 Re4 15. Re1 Qe7 16. Ng3 Nxg3 17. hxg3 f5 18. Qc2 g5 19. Rxe4 fxe4 20. Nh2 Qe6 21. Nf1 Ne7 22. Qa4 a6 23. Qe8+ Kg7 24. Ne3 Qf7 25. Qa8 b6 26. Qxa6 h5 27. Qe2 h4 28. Qg4 hxg3 29. Qxg5+ Qg6 30. Qxg6+ Kxg6 31. fxg3 Bxg3 32. Nf1 Bd6 33. Kf2 Nf5 34. Be3 c5 35. Ke2 Kh5 36. a4 cxd4 37. Bxd4 Bc5 38. a5 Bxd4 39. a6 1-0


[Site "https://www.chess.com"]